[Event "European Online Club-ch-D 2021"]
[Site "Online"]
[Date "2021.03.27"]
[Round "3.13"]
[White "Gadimbayli, Abdulla"]
[Black "Reimanis, Ritvars"]
[Result "1-0"]
[ECO "B31"]
[WhiteElo "2470"]
[BlackElo "2412"]
[Annotator "ChessBase"]
[PlyCount "157"]
[EventDate "2021.03.27"]
[EventType "team-tourn"]
[EventCountry "NET"]
[SourceTitle "playchess.com"]
[Source "ChessBase"]
[SourceQuality "1"]
[TimeControl "900+5"]

1. e4 c5 2. Nf3 Nc6 3. Bb5 g6 4. Bxc6 bxc6 5. d4 Bg7 6. dxc5 Qa5+ 7. Nbd2 Ba6 8. Rb1 Qxc5 9. b4 Qh5 10. c4 g5 11. O-O g4 12. Ne1 Nf6 13. Nd3 g3 14. Qxh5 gxf2+ 15. Kxf2 Nxh5 16. e5 Bh6 17. Nc5 Bc8 18. Nde4 Bxc1 19. Rbxc1 Rb8 20. Rb1 Nf4 21. g3 Ng6 22. Nd3 Ba6 23. Rbc1 f6 24. Nec5 Bc8 25. exf6 Rf8 26. Ke3 Rxf6 27. Rxf6 exf6 28. Kd4 f5 29. Re1+ Kf7 30. Rf1 d6 31. Ne4 Ke7 32. Ng5 h6 33. Nh3 Be6 34. a3 a5 35. Nhf4 Nxf4 36. Nxf4 Bf7 37. Nd3 axb4 38. axb4 Be6 39. Ra1 Rd8 40. Ra7+ Kf6 41. Kc3 d5 42. c5 d4+ 43. Kd2 Bc4 44. Rh7 Ra8 45. Nb2 Bf7 46. Rxh6+ Bg6 47. Rh4 Ke5 48. Nc4+ Kf6 49. Rxd4 Ra2+ 50. Ke3 Rxh2 51. Rd6+ Kg5 52. Ne5 Bh5 53. Rxc6 Re2+ 54. Kd4 Re4+ 55. Kd5 Rxb4 56. Rc8 Rb1 57. c6 Kf6 58. Rf8+ Ke7 59. Rxf5 Be8 60. g4 Rd1+ 61. Kc5 Rc1+ 62. Kd5 Rd1+ 63. Ke4 Rc1 64. Kf4 Bxc6 65. Rf7+ Ke6 66. Rc7 Rf1+ 67. Kg5 Be4 68. Ng6 Bb1 69. Re7+ Kd6 70. Re2 Rg1 71. Nh4 Bh7 72. Nf5+ Kd5 73. Kf6 Bxf5 74. gxf5 Rf1 75. Kg6 Rg1+ 76. Kf7 Ra1 77. f6 Ra7+ 78. Kg8 Ra2 79. Rxa2 1-0

[Event "European Online Club-ch-D 2021"]
[Site "Online"]
[Date "2021.03.27"]
[Round "3.14"]
[White "Kvetny, Mark"]
[Black "Ibrahimli, Murad"]
[Result "0-1"]
[ECO "A46"]
[WhiteElo "2416"]
[BlackElo "2436"]
[Annotator "NA"]
[PlyCount "78"]
[EventDate "2021.03.27"]
[EventType "team-tourn"]
[EventCountry "NET"]
[SourceTitle "playchess.com"]
[Source "ChessBase"]
[SourceQuality "1"]
[TimeControl "900+5"]

1. d4 Nf6 2. Nf3 e6 3. Bf4 Be7 4. Nbd2 c5 5. e3 Nc6 6. c3 Nh5 7. Bg3 Nxg3 8. hxg3 d5 9. Bd3 h6 10. Qe2 Qb6 11. Rb1 Bd7 12. g4 g5 13. g3 O-O-O 14. Kf1 Rdf8 15. Kg2 f5 16. dxc5 Qxc5 17. b4 Qd6 18. gxf5 exf5 19. b5 Ne5 20. Nxe5 Qxe5 21. Nf3 Qf6 22. b6 a6 23. Bxa6 f4 24. exf4 gxf4 25. Qe5 Qxe5 26. Nxe5 bxa6 27. Ng6 f3+ 28. Kh2 Bg5 29. Nxh8 Rxh8 30. Rhd1 Bc6 31. Rd3 Rf8 32. Re1 Kb7 33. Re6 a5 34. Rd4 Rf6 35. Rxf6 Bxf6 36. Rf4 Bxc3 37. Rxf3 d4 38. Rd3 Be4 39. Rd1 Bc2 0-1

[Event "European Online Club-ch-D 2021"]
[Site "Online"]
[Date "2021.03.27"]
[Round "3.15"]
[White "Eynullayev, Atilla"]
[Black "Maciol, Ryszard"]
[Result "1-0"]
[ECO "C02"]
[WhiteElo "2347"]
[BlackElo "2154"]
[Annotator "NA"]
[PlyCount "67"]
[EventDate "2021.03.27"]
[EventType "team-tourn"]
[EventCountry "NET"]
[SourceTitle "playchess.com"]
[Source "ChessBase"]
[SourceQuality "1"]
[TimeControl "900+5"]

1. e4 e6 2. d4 d5 3. e5 c5 4. c3 Qb6 5. Nf3 Nc6 6. a3 Nh6 7. b4 cxd4 8. b5 Na5 9. Bxh6 gxh6 10. cxd4 Bd7 11. Nbd2 Bg7 12. Bd3 Rc8 13. a4 Nc4 14. Bxc4 dxc4 15. Ne4 Qa5+ 16. Kf1 Kf8 17. Nd6 Rc7 18. Nd2 Qc3 19. N2e4 Qd3+ 20. Qxd3 cxd3 21. Nc5 Ke7 22. Nxd3 f6 23. Ke2 fxe5 24. dxe5 Rf8 25. f4 Rc2+ 26. Ke3 a6 27. g3 Ra8 28. Rhc1 Rxh2 29. Rc7 Kd8 30. b6 Bf8 31. Nxb7+ Ke8 32. Ndc5 Rc2 33. Nxd7 Rxc7 34. Nf6+ 1-0

[Event "European Online Club-ch-D 2021"]
[Site "Online"]
[Date "2021.03.27"]
[Round "3.16"]
[White "Skulte, Christopher"]
[Black "Samadov, Read"]
[Result "0-1"]
[ECO "B86"]
[WhiteElo "2055"]
[BlackElo "2332"]
[Annotator "NA"]
[PlyCount "48"]
[EventDate "2021.03.27"]
[EventType "team-tourn"]
[EventCountry "NET"]
[SourceTitle "playchess.com"]
[Source "ChessBase"]
[SourceQuality "1"]
[TimeControl "900+5"]

1. e4 c5 2. Nf3 d6 3. Nc3 a6 4. a4 Nc6 5. Bc4 Nf6 6. O-O e6 7. d4 cxd4 8. Nxd4 Be7 9. Bg5 O-O 10. Re1 Bd7 11. Qd2 Rc8 12. Bf1 Qb6 13. Nb3 Rfd8 14. Nd5 exd5 15. exd5 Ne5 16. Nd4 Nxd5 17. Bxe7 Nxe7 18. Re3 Nf5 19. Nxf5 Bxf5 20. Rae1 Rxc2 21. Qd5 Be6 22. Qe4 Rcc8 23. Kh1 Ng4 24. Qf4 Nxe3 0-1

[Event "European Online Club-ch-D 2021"]
[Site "Online"]
[Date "2021.03.27"]
[Round "3.17"]
[White "Roubalik, Jakub"]
[Black "Tokhirjonova, Gulrukhbegim"]
[Result "1-0"]
[ECO "D38"]
[WhiteElo "2391"]
[BlackElo "2362"]
[Annotator "NA"]
[PlyCount "83"]
[EventDate "2021.03.27"]
[EventType "team-tourn"]
[EventCountry "NET"]
[SourceTitle "playchess.com"]
[Source "ChessBase"]
[SourceQuality "1"]
[TimeControl "900+5"]

1. d4 Nf6 2. c4 e6 3. Nf3 d5 4. Nc3 Bb4 5. Qa4+ Nc6 6. Bg5 Bd7 7. Qc2 h6 8. Bxf6 Qxf6 9. e3 O-O 10. a3 Bxc3+ 11. Qxc3 Rfe8 12. cxd5 exd5 13. Be2 Rac8 14. O-O Bg4 15. Qb3 Qd6 16. Rac1 Nd8 17. Qa4 Nc6 18. Rc5 Rcd8 19. Rfc1 Qg6 20. Qd1 Rd6 21. b4 a6 22. Qd2 Qf6 23. a4 b6 24. R5c2 Bf5 25. Rb2 a5 26. bxa5 bxa5 27. Rb7 Rc8 28. Bb5 Be4 29. Ne1 Qg6 30. Qc3 Ne7 31. Rxc7 Rdd8 32. Qxa5 Ra8 33. Qb4 Nc8 34. Bc6 Ra6 35. Bb7 Rb6 36. Qc5 Rxb7 37. Rxb7 Nd6 38. Rb6 Bf5 39. a5 Qe6 40. a6 Qe7 41. Qb4 Kh7 42. a7 1-0

[Event "European Online Club-ch-D 2021"]
[Site "Online"]
[Date "2021.03.27"]
[Round "3.18"]
[White "Nandhidhaa, P V"]
[Black "Vymazal, Bronislav"]
[Result "0-1"]
[ECO "B30"]
[WhiteElo "2365"]
[BlackElo "2350"]
[Annotator "NA"]
[PlyCount "94"]
[EventDate "2021.03.27"]
[EventType "team-tourn"]
[EventCountry "NET"]
[SourceTitle "playchess.com"]
[Source "ChessBase"]
[SourceQuality "1"]
[TimeControl "900+5"]

1. e4 c5 2. Nf3 Nc6 3. Bb5 Qb6 4. Nc3 e6 5. O-O Nge7 6. Re1 a6 7. Bf1 Ng6 8. b3 Bd6 9. Bb2 Qc7 10. Ne2 O-O 11. d4 cxd4 12. Nexd4 b5 13. Bxb5 Nxd4 14. Qxd4 e5 15. Qa4 axb5 16. Qxa8 Bb7 17. Qxf8+ Kxf8 18. c4 bxc4 19. Rec1 Bxe4 20. Rxc4 Qb7 21. Rd1 Bxf3 22. Rxd6 Bc6 23. Ba3 Ke8 24. Bc5 f6 25. f3 Nf4 26. h4 h5 27. Kf2 Ne6 28. Be3 Ke7 29. Rd2 d5 30. Bc5+ Kf7 31. Rb4 Qa8 32. Bd6 Qa7+ 33. Kg3 Nf4 34. Rc2 Qg1 35. Bc5 d4 36. Bxd4 Qe1+ 37. Bf2 Qxb4 38. Rxc6 Ne2+ 39. Kh2 Qf4+ 40. Kh3 e4 41. Rc4 f5 42. Ra4 Qd2 43. fxe4 Nc3 44. Ra7+ Kg8 45. Bg3 Nxe4 46. Be5 Qe3+ 47. g3 Qxa7 0-1

[Event "European Online Club-ch-D 2021"]
[Site "Online"]
[Date "2021.03.27"]
[Round "3.19"]
[White "Kusa, Jakub"]
[Black "Dauletova, Gulmira"]
[Result "1-0"]
[ECO "C84"]
[WhiteElo "2336"]
[BlackElo "2285"]
[Annotator "NA"]
[PlyCount "91"]
[EventDate "2021.03.27"]
[EventType "team-tourn"]
[EventCountry "NET"]
[SourceTitle "playchess.com"]
[Source "ChessBase"]
[SourceQuality "1"]
[TimeControl "900+5"]

1. e4 e5 2. Nf3 Nc6 3. Bb5 a6 4. Ba4 Nf6 5. O-O Be7 6. d3 b5 7. Bb3 d6 8. a3 O-O 9. Nc3 Bg4 10. Be3 Nd4 11. Bxd4 exd4 12. Nd5 c5 13. h3 Be6 14. Nxf6+ Bxf6 15. Bxe6 fxe6 16. a4 Qb6 17. axb5 axb5 18. Qd2 h6 19. Qe2 Qc7 20. Rfe1 e5 21. c3 dxc3 22. bxc3 Ra5 23. Rxa5 Qxa5 24. Qb2 b4 25. Ra1 Qb6 26. Qb3+ Kh7 27. Nd2 Rb8 28. Nc4 Qc7 29. Ne3 Bg5 30. Nd5 Qb7 31. Rb1 Qf7 32. cxb4 cxb4 33. Qc4 Bd2 34. Qc2 Bg5 35. Rxb4 Rxb4 36. Nxb4 Bd8 37. Nd5 Ba5 38. Qc8 Be1 39. Qc2 Qa7 40. Qe2 Qa1 41. Kh2 Bc3 42. Qf3 Bd4 43. Qf5+ Kh8 44. Qf8+ Kh7 45. Ne7 h5 46. Qf5+ 1-0

[Event "European Online Club-ch-D 2021"]
[Site "Online"]
[Date "2021.03.27"]
[Round "3.20"]
[White "Muminova, Nafisa"]
[Black "Zeman, Matyas"]
[Result "1/2-1/2"]
[ECO "D00"]
[WhiteElo "2274"]
[BlackElo "2261"]
[Annotator "NA"]
[PlyCount "63"]
[EventDate "2021.03.27"]
[EventType "team-tourn"]
[EventCountry "NET"]
[SourceTitle "playchess.com"]
[Source "ChessBase"]
[SourceQuality "1"]
[TimeControl "900+5"]

1. d4 e6 2. Nc3 d5 3. Bf4 Nf6 4. Nb5 Na6 5. e3 c6 6. Nc3 b6 7. g4 h6 8. Bg2 Bd6 9. Qf3 Qe7 10. Nge2 Nc7 11. Qg3 Bxf4 12. exf4 Qd6 13. h4 Bd7 14. O-O-O O-O-O 15. g5 Nh5 16. Qe3 g6 17. Bf3 Ng7 18. Ng3 h5 19. Qe5 Qxe5 20. fxe5 Kb7 21. Be2 Nb5 22. Bxb5 cxb5 23. b4 Rc8 24. Nce2 Rc4 25. c3 Rhc8 26. Kb2 a5 27. a3 a4 28. Rd3 R4c7 29. Rhd1 Nf5 30. Nxf5 exf5 31. f4 Be6 32. Re3 1/2-1/2

[Event "European Online Club-ch-D 2021"]
[Site "Online"]
[Date "2021.03.27"]
[Round "4.1"]
[White "Eren, Ataberk"]
[Black "Tokhirjonova, Gulrukhbegim"]
[Result "1/2-1/2"]
[ECO "D02"]
[WhiteElo "2306"]
[BlackElo "2362"]
[Annotator "NA"]
[PlyCount "144"]
[EventDate "2021.03.27"]
[EventType "team-tourn"]
[EventCountry "NET"]
[SourceTitle "playchess.com"]
[Source "ChessBase"]
[SourceQuality "1"]
[TimeControl "900+5"]

1. d4 e6 2. Bf4 d5 3. e3 c5 4. c3 Nc6 5. Nd2 Bd6 6. Bg3 Nf6 7. Ngf3 Bxg3 8. hxg3 Qd6 9. Bb5 Bd7 10. Bxc6 Bxc6 11. Ne5 Nd7 12. Ndf3 h6 13. g4 Rf8 14. Qc2 Nxe5 15. Nxe5 O-O-O 16. Qh7 cxd4 17. exd4 f6 18. Nxc6 Qxc6 19. Qxg7 Rg8 20. Qxf6 Rxg4 21. O-O-O Rxg2 22. Rxh6 Re8 23. Re1 Qa4 24. Rh7 Qxa2 25. Qf7 Qa1+ 26. Kc2 Qa4+ 27. Kd2 Qc6 28. Ra1 a6 29. Ra5 b5 30. Kc1 Rg1+ 31. Kc2 Rf1 32. Kd2 Rd8 33. Ke2 Qc4+ 34. Ke3 Re1+ 35. Kf4 e5+ 36. Kg5 Rg1+ 37. Kf6 Qc6+ 38. Qe6+ Qxe6+ 39. Kxe6 exd4 40. cxd4 Rg6+ 41. Ke5 Re8+ 42. Kxd5 Rg5+ 43. Kd6 Rg6+ 44. Kc5 Rf8 45. Ra1 Rxf2 46. Re1 Rc2+ 47. Kd5 Rc7 48. Re8+ Kb7 49. Rxc7+ Kxc7 50. Re7+ Kc8 51. Re6 Rg2 52. b4 Kb7 53. Re7+ Kb6 54. Re6+ Kb7 55. Re7+ Kb6 56. Ke6 a5 57. bxa5+ Kxa5 58. d5 b4 59. d6 Re2+ 60. Kd5 Rd2+ 61. Kc5 Rc2+ 62. Kd5 Rd2+ 63. Kc6 Rc2+ 64. Kb7 b3 65. Re5+ Ka4 66. Re4+ Ka3 67. Re3 Ka2 68. d7 b2 69. Re1 Rd2 70. Kc7 Rxd7+ 71. Kxd7 b1=Q 72. Rxb1 Kxb1 1/2-1/2

[Event "European Online Club-ch-D 2021"]
[Site "Online"]
[Date "2021.03.27"]
[Round "4.2"]
[White "Nandhidhaa, P V"]
[Black "Erdogan, Anil Berk"]
[Result "1-0"]
[ECO "A01"]
[WhiteElo "2365"]
[BlackElo "2155"]
[Annotator "NA"]
[PlyCount "59"]
[EventDate "2021.03.27"]
[EventType "team-tourn"]
[EventCountry "NET"]
[SourceTitle "playchess.com"]
[Source "ChessBase"]
[SourceQuality "1"]
[TimeControl "900+5"]

1. b3 e5 2. Bb2 Nc6 3. Nf3 e4 4. Nd4 Nf6 5. c4 Bc5 6. Nf5 O-O 7. e3 d5 8. cxd5 Qxd5 9. Ng3 Bg4 10. Nc3 Qe6 11. Qb1 Rfe8 12. Bc4 Qe7 13. Nd5 Nxd5 14. Bxd5 Rad8 15. Bxe4 f5 16. Bxf5 Rxd2 17. O-O Bxf5 18. Nxf5 Qg5 19. Bc3 Ne5 20. Bxd2 Nf3+ 21. Kh1 Nxd2 22. Qc2 Ne4 23. Ng3 Nxg3+ 24. hxg3 Bd6 25. Qc4+ Kh8 26. Qh4 Qe5 27. Rad1 Re6 28. Kg1 b6 29. Rd5 Qc3 30. Qd8+ 1-0

[Event "European Online Club-ch-D 2021"]
[Site "Online"]
[Date "2021.03.27"]
[Round "4.3"]
[White "Ozkan, Ervin"]
[Black "Dauletova, Gulmira"]
[Result "0-1"]
[ECO "D02"]
[WhiteElo "2147"]
[BlackElo "2285"]
[Annotator "NA"]
[PlyCount "148"]
[EventDate "2021.03.27"]
[EventType "team-tourn"]
[EventCountry "NET"]
[SourceTitle "playchess.com"]
[Source "ChessBase"]
[SourceQuality "1"]
[TimeControl "900+5"]

1. d4 Nf6 2. Nf3 d5 3. Bf4 e6 4. e3 Bd6 5. Bg3 c5 6. c3 O-O 7. Nbd2 Qc7 8. Bd3 Nbd7 9. Bh4 e5 10. dxe5 Bxe5 11. Nxe5 Nxe5 12. Bc2 Qc6 13. O-O Bg4 14. f3 Bh5 15. Bxf6 Qxf6 16. Nb3 Qc6 17. Qe1 Nc4 18. Qf2 Bg6 19. Bxg6 hxg6 20. Rfe1 Rfe8 21. Rab1 b6 22. Nd2 Nd6 23. Rbc1 b5 24. Nf1 Re6 25. Rcd1 Rae8 26. Rd2 Nc4 27. Rde2 f5 28. b3 Ne5 29. Rd1 Nd7 30. Red2 Nf6 31. b4 Rc8 32. Rd3 a5 33. a3 axb4 34. axb4 Ra8 35. R3d2 Ra3 36. Rc2 Re8 37. Rdc1 Qd6 38. Qd2 Rc8 39. Qe2 Qb6 40. bxc5 Rxc5 41. Rb1 Qc6 42. Rcb2 Ra5 43. Rb3 Ne8 44. Qd3 Nd6 45. Nd2 Nc4 46. Nf1 Ne5 47. Qd4 Qd6 48. Qd2 Nc4 49. Qd4 Ne5 50. Qd2 Qc6 51. Ng3 Ra4 52. Ne2 Nc4 53. Qc1 Qe6 54. Nd4 Qxe3+ 55. Qxe3 Nxe3 56. Nxb5 Ra2 57. R3b2 Rxb2 58. Rxb2 Nd1 59. Rb3 Kf7 60. Kf1 f4 61. Ke2 Ne3 62. g3 g5 63. h4 gxh4 64. gxh4 Nf5 65. h5 Ng3+ 66. Kd3 Nxh5 67. Nd4 Rc7 68. Rb5 Nf6 69. Rb6 Re7 70. Nf5 Rc7 71. Kd4 g6 72. Nd6+ Ke7 73. Nb5 Rc4+ 74. Ke5 Nd7+ 0-1

[Event "European Online Club-ch-D 2021"]
[Site "Online"]
[Date "2021.03.27"]
[Round "4.4"]
[White "Muminova, Nafisa"]
[Black "Erdogmus, Yagiz Kaan"]
[Result "0-1"]
[ECO "D00"]
[WhiteElo "2274"]
[BlackElo "1955"]
[Annotator "NA"]
[PlyCount "50"]
[EventDate "2021.03.27"]
[EventType "team-tourn"]
[EventCountry "NET"]
[SourceTitle "playchess.com"]
[Source "ChessBase"]
[SourceQuality "1"]
[TimeControl "900+5"]

1. d4 Nf6 2. Nc3 d5 3. Bf4 g6 4. Qd2 Bg7 5. f3 O-O 6. O-O-O c5 7. dxc5 Qa5 8. Kb1 Rd8 9. e4 Qxc5 10. exd5 Bf5 11. g4 Nxd5 12. Qxd5 Rxd5 13. Rxd5 Qb6 14. Na4 Bxc2+ 15. Kxc2 Qc6+ 16. Nc3 Bxc3 17. Rd8+ Kg7 18. bxc3 Qa4+ 19. Kb2 Qxf4 20. Be2 Qc7 21. Rd4 Nc6 22. Re4 Rd8 23. Nh3 Rd2+ 24. Kc1 Rxa2 25. Nf4 Ra1+ 0-1

[Event "European Online Club-ch-D 2021"]
[Site "Online"]
[Date "2021.03.27"]
[Round "4.5"]
[White "Reimanis, Ritvars"]
[Black "Straka, Vojtech"]
[Result "1/2-1/2"]
[ECO "D45"]
[WhiteElo "2412"]
[BlackElo "2417"]
[Annotator "NA"]
[PlyCount "63"]
[EventDate "2021.03.27"]
[EventType "team-tourn"]
[EventCountry "NET"]
[SourceTitle "playchess.com"]
[Source "ChessBase"]
[SourceQuality "1"]
[TimeControl "900+5"]

1. d4 d5 2. c4 c6 3. Nf3 Nf6 4. e3 e6 5. Nc3 Nbd7 6. Bd2 Bd6 7. Qc2 O-O 8. Bd3 Re8 9. O-O-O e5 10. cxd5 cxd5 11. dxe5 Nxe5 12. Nxe5 Bxe5 13. Kb1 Rb8 14. f4 Bd6 15. Nb5 Ne4 16. Nxd6 Qxd6 17. Ba5 Qe7 18. Bc7 Bg4 19. Bxb8 Bxd1 20. Rxd1 Rxb8 21. Bxe4 dxe4 22. Rd4 Re8 23. g3 h6 24. Qa4 a6 25. Rd7 Qc5 26. Qb3 Re7 27. Rd5 Qc6 28. a3 b5 29. Rd4 Rc7 30. Ka2 Kh7 31. Qb4 f5 32. Qd6 1/2-1/2

[Event "European Online Club-ch-D 2021"]
[Site "Online"]
[Date "2021.03.27"]
[Round "4.6"]
[White "Roubalik, Jakub"]
[Black "Kvetny, Mark"]
[Result "0-1"]
[ECO "A60"]
[WhiteElo "2391"]
[BlackElo "2416"]
[Annotator "NA"]
[PlyCount "84"]
[EventDate "2021.03.27"]
[EventType "team-tourn"]
[EventCountry "NET"]
[SourceTitle "playchess.com"]
[Source "ChessBase"]
[SourceQuality "1"]
[TimeControl "900+5"]

1. d4 Nf6 2. c4 e6 3. Nf3 c5 4. d5 exd5 5. cxd5 Bd6 6. g3 O-O 7. Bg2 Bc7 8. O-O d6 9. Nc3 a6 10. a4 Re8 11. Nd2 Nbd7 12. Nc4 Ne5 13. Nxe5 Rxe5 14. e4 Rb8 15. Bf4 Re8 16. Qd3 Nd7 17. Rad1 b5 18. Rfe1 g5 19. Bc1 Ne5 20. Qe2 c4 21. axb5 axb5 22. Be3 b4 23. Nb1 Bb6 24. h3 Ba6 25. Kh2 Nd3 26. Bxb6 Rxb6 27. Rf1 Qf6 28. b3 Nb2 29. Qe3 Rbb8 30. Rd4 cxb3 31. Rc1 Rbc8 32. Rxc8 Rxc8 33. Rxb4 Rc2 34. Rxb3 Rxf2 35. Nd2 Nd1 36. Qe1 Qd4 37. Nf3 Qa1 38. Rb8+ Kg7 39. Ra8 Qb2 40. Qg1 Ne3 41. Ne1 Nxg2 42. Nxg2 Bf1 0-1

[Event "European Online Club-ch-D 2021"]
[Site "Online"]
[Date "2021.03.27"]
[Round "4.7"]
[White "Hoffmann, Hendrik"]
[Black "Vymazal, Bronislav"]
[Result "0-1"]
[ECO "B06"]
[WhiteElo "2242"]
[BlackElo "2350"]
[Annotator "NA"]
[PlyCount "60"]
[EventDate "2021.03.27"]
[EventType "team-tourn"]
[EventCountry "NET"]
[SourceTitle "playchess.com"]
[Source "ChessBase"]
[SourceQuality "1"]
[TimeControl "900+5"]

1. e4 c5 2. c3 d5 3. exd5 Qxd5 4. d4 g6 5. Nf3 Bg7 6. Be3 cxd4 7. cxd4 Nf6 8. Nc3 Qa5 9. h3 O-O 10. Bc4 Ne4 11. Qb3 Nd7 12. O-O Nxc3 13. Qxc3 Qh5 14. Be2 Nb6 15. Rad1 Be6 16. Rfe1 Qd5 17. b3 Rac8 18. Qd2 Rfd8 19. Bh6 Bf6 20. Bg5 Bf5 21. Bxf6 exf6 22. Qf4 Kg7 23. g4 Be6 24. h4 Qd6 25. Qe4 Nd5 26. Rc1 Nc3 27. Rxc3 Rxc3 28. g5 Bd5 29. Qg4 f5 30. Qh3 Re8 0-1

[Event "European Online Club-ch-D 2021"]
[Site "Online"]
[Date "2021.03.27"]
[Round "4.8"]
[White "Kusa, Jakub"]
[Black "Skulte, Christopher"]
[Result "1-0"]
[ECO "B45"]
[WhiteElo "2336"]
[BlackElo "2055"]
[Annotator "NA"]
[PlyCount "60"]
[EventDate "2021.03.27"]
[EventType "team-tourn"]
[EventCountry "NET"]
[SourceTitle "playchess.com"]
[Source "ChessBase"]
[SourceQuality "1"]
[TimeControl "900+5"]

1. e4 c5 2. Nf3 e6 3. d4 cxd4 4. Nxd4 Nf6 5. Nc3 Nc6 6. Ndb5 Bb4 7. a3 Bxc3+ 8. Nxc3 d5 9. exd5 exd5 10. Bd3 O-O 11. O-O d4 12. Ne2 Bg4 13. Bg5 Re8 14. f3 Bh5 15. Bh4 Bg6 16. Bxg6 hxg6 17. Bf2 Qb6 18. b4 Rad8 19. c3 Nd5 20. cxd4 Qb5 21. Re1 Ne3 22. Nc3 Qg5 23. Rxe3 Rxe3 24. Qc1 Rde8 25. Ne4 R8xe4 26. fxe4 Nxd4 27. Qxe3 Qxe3 28. Bxe3 Nc2 29. Rc1 Nxe3 30. h3 b6 1-0

[Event "European Online Club-ch-D 2021"]
[Site "Online"]
[Date "2021.03.27"]
[Round "4.9"]
[White "Lopez Del Alamo, Antonio"]
[Black "Ibrahimli, Murad"]
[Result "0-1"]
[ECO "C24"]
[WhiteElo "2295"]
[BlackElo "2436"]
[Annotator "NA"]
[PlyCount "72"]
[EventDate "2021.03.27"]
[EventType "team-tourn"]
[EventCountry "NET"]
[SourceTitle "playchess.com"]
[Source "ChessBase"]
[SourceQuality "1"]
[TimeControl "900+5"]

1. e4 e5 2. Bc4 Nf6 3. d3 c6 4. Nf3 d5 5. Bb3 Bb4+ 6. Bd2 Bd6 7. Nc3 Be6 8. Ng5 Nbd7 9. Nxe6 fxe6 10. a3 O-O 11. Qe2 a5 12. O-O Qe8 13. Bg5 Qg6 14. Bxf6 Nxf6 15. Rad1 Nh5 16. g3 Kh8 17. Kh1 Rf7 18. d4 exd4 19. Rxd4 Raf8 20. e5 Bc5 21. Rh4 Rf5 22. f4 Qf7 23. Nd1 g6 24. c3 Ng7 25. Ne3 Bxe3 26. Qxe3 g5 27. Rh6 gxf4 28. gxf4 Rh5 29. Rf6 Qe7 30. Rxf8+ Qxf8 31. Bc2 Nf5 32. Qf3 Qh6 33. Rf2 Rh3 34. Qg4 Rg3 35. Qe2 Re3 36. Qf1 Ng3+ 0-1

[Event "European Online Club-ch-D 2021"]
[Site "Online"]
[Date "2021.03.27"]
[Round "4.10"]
[White "Babazada, Khazar"]
[Black "Gongora Montes, Benjamin"]
[Result "1-0"]
[ECO "C49"]
[WhiteElo "2409"]
[BlackElo "2198"]
[Annotator "NA"]
[PlyCount "67"]
[EventDate "2021.03.27"]
[EventType "team-tourn"]
[EventCountry "NET"]
[SourceTitle "playchess.com"]
[Source "ChessBase"]
[SourceQuality "1"]
[TimeControl "900+5"]

1. e4 e5 2. Nc3 Nf6 3. Nf3 Nc6 4. Bb5 Bb4 5. O-O d6 6. Nd5 Nxd5 7. exd5 a6 8. Ba4 b5 9. Bb3 Ne7 10. c3 Ba5 11. d4 e4 12. Ng5 Bf5 13. Re1 O-O 14. Nxe4 Re8 15. Bg5 Qd7 16. Qf3 h6 17. Bxe7 Rxe7 18. Nf6+ gxf6 19. Rxe7 Qxe7 20. Qxf5 Re8 21. g3 Qe4 22. Qxf6 b4 23. c4 Bb6 24. Rd1 Qg4 25. c5 dxc5 26. dxc5 Bxc5 27. d6 Re6 28. Bxe6 Qxd1+ 29. Kg2 fxe6 30. Qxe6+ Kg7 31. dxc7 Qd4 32. c8=Q Qxf2+ 33. Kh3 Qf1+ 34. Kh4 1-0

[Event "European Online Club-ch-D 2021"]
[Site "Online"]
[Date "2021.03.27"]
[Round "4.11"]
[White "Pascual Palomo, Lucia"]
[Black "Eynullayev, Atilla"]
[Result "0-1"]
[ECO "B92"]
[WhiteElo "2101"]
[BlackElo "2347"]
[Annotator "NA"]
[PlyCount "78"]
[EventDate "2021.03.27"]
[EventType "team-tourn"]
[EventCountry "NET"]
[SourceTitle "playchess.com"]
[Source "ChessBase"]
[SourceQuality "1"]
[TimeControl "900+5"]

1. e4 c5 2. Nf3 d6 3. d4 cxd4 4. Nxd4 Nf6 5. Nc3 a6 6. Be2 e5 7. Nb3 Be7 8. O-O O-O 9. Be3 Be6 10. a4 Nc6 11. f3 Nb4 12. a5 Rc8 13. Bb6 Qd7 14. Qd2 d5 15. exd5 Nfxd5 16. Nxd5 Qxd5 17. Qxd5 Bxd5 18. c4 Bxc4 19. Bxc4 Rxc4 20. Rae1 f6 21. Rd1 Nc6 22. Rd3 Kf7 23. Rfd1 Rb4 24. R1d2 Rc8 25. Kf2 e4 26. fxe4 Ne5 27. Rg3 Rxe4 28. Bd4 Bb4 29. Bc3 Bxc3 30. bxc3 Ng4+ 31. Kf3 f5 32. Rxg4 Rxc3+ 33. Kf2 fxg4 34. Nd4 h5 35. g3 Rc5 36. Ne2 Rxa5 37. Nf4 Rf5 38. Rd7+ Re7 39. Rd4 g5 0-1

[Event "European Online Club-ch-D 2021"]
[Site "Online"]
[Date "2021.03.27"]
[Round "4.12"]
[White "Azadaliyev, Jahandar"]
[Black "Blasco De La Cruz, Luis"]
[Result "1-0"]
[ECO "A52"]
[WhiteElo "1883"]
[BlackElo "1902"]
[Annotator "NA"]
[PlyCount "115"]
[EventDate "2021.03.27"]
[EventType "team-tourn"]
[EventCountry "NET"]
[SourceTitle "playchess.com"]
[Source "ChessBase"]
[SourceQuality "1"]
[TimeControl "900+5"]

1. d4 Nf6 2. c4 e5 3. dxe5 Ng4 4. Bf4 Bb4+ 5. Nd2 Nc6 6. Ngf3 Qe7 7. a3 Ngxe5 8. Nxe5 Nxe5 9. e3 Bxd2+ 10. Qxd2 O-O 11. Qc3 d6 12. c5 Ng6 13. cxd6 cxd6 14. Bg3 d5 15. Qd4 Be6 16. Bd3 Rfc8 17. O-O a6 18. Rac1 Qd7 19. Rcd1 Nf8 20. Rd2 f5 21. Rfd1 Qf7 22. Bb1 Nd7 23. Ba2 Nf6 24. f3 Re8 25. Bh4 Rad8 26. Bxf6 Qxf6 27. Qxf6 gxf6 28. Kf2 Kf7 29. Rd4 Rc8 30. Bxd5 Bxd5 31. Rxd5 Rc2+ 32. R1d2 Rec8 33. Ke2 Ke6 34. Rd6+ Ke7 35. Rd7+ Ke8 36. Rxh7 Rxd2+ 37. Kxd2 Rc5 38. Rxb7 a5 39. b4 axb4 40. axb4 Rd5+ 41. Kc2 Kf8 42. Rc7 Rb5 43. Kc3 Re5 44. Kd4 Rb5 45. Rc4 Kf7 46. e4 fxe4 47. fxe4 Rh5 48. h3 Rg5 49. g4 Rb5 50. Kc3 Re5 51. Kb3 Kg6 52. h4 Kh6 53. Ka4 Kg6 54. b5 Re7 55. b6 Kh6 56. Rb4 Rb7 57. Ka5 Kg6 58. Ka6 1-0

[Event "European Online Club-ch-D 2021"]
[Site "Online"]
[Date "2021.03.27"]
[Round "4.16"]
[White "Fischer, Daniel"]
[Black "Cheparinov, Ivan"]
[Result "0-1"]
[ECO "B90"]
[WhiteElo "2276"]
[BlackElo "2667"]
[Annotator "RC"]
[PlyCount "70"]
[EventDate "2021.03.27"]
[EventType "team-tourn"]
[EventCountry "NET"]
[SourceTitle "playchess.com"]
[Source "ChessBase"]
[SourceQuality "1"]
[TimeControl "900+5"]

1. e4 c5 2. Nf3 d6 3. d4 cxd4 4. Nxd4 Nf6 5. Nc3 a6 6. Be3 e5 7. Nb3 Be7 8. h3 Be6 9. f4 Nc6 10. f5 Bxb3 11. axb3 Nb4 12. g4 d5 13. exd5 Nfxd5 14. Nxd5 Nxd5 15. Bf2 Bb4+ 16. c3 Nxc3 17. bxc3 Bxc3+ 18. Ke2 Bxa1 19. Qxa1 Qd5 20. Rg1 Rc8 21. Qb1 O-O 22. Rg3 Rfd8 23. Rd3 Qe4+ 24. Be3 Rxd3 25. Qxd3 Rc2+ 26. Kd1 Qxd3+ 27. Bxd3 Rc3 28. Kd2 Rxb3 29. Bc4 Rb2+ 30. Kc3 Rh2 31. Bf1 b5 32. Kb4 Rh1 33. Bg2 Rb1+ 34. Ka5 b4 35. Bc5 b3 0-1